AoeStats
← LE FURET

Oasis

508990287Analyzed
4v4 RM · 7d ago on Sep 25, 2026· 67m 5s· 8 players
Game mode
Random Map
Map size
Large (8 player)
Population
200
Speed
Normal
Resources
Standard
Victory
Conquest
Starting age
Dark Age
Ending age
Imperial Age
RankedLock teamsTeams togetherTeam positionsShared explorationLock speedFull tech treeHidden civsTurbo modeCheats
Victory
Defeat
🇨🇦 Ethiopians · Canada
1383
+18
🇨🇱 Persians · Chile
1375
+18
🇦🇺 Tupi · Australia
1374
+18
🇵🇹 Saracens · Portugal
1370
+18
🇺🇸 Varangians · United States
1500
-22
🇺🇸 Koreans · United States
1442
-19
🇦🇷 Saracens · Argentina
1370
-16
🇲🇽 Shu · Mexico
1355
-15
OdinsProphet
6:11 Loom
8:53 Feudal Age
11:13 Fletching
18:51 Padded Archer Armor
22:14 Double-Bit Axe
26:07 Castle Age
24:28 Horse Collar
26:11 Crossbowman
26:47 Bodkin Arrow
27:49 Leather Archer Armor
30:00 Town Watch
32:45 Fortified Wall
34:42 Ballistics
46:46 Imperial Age
46:20 Thumb Ring
51:09 Imperial Age
51:17 Wheelbarrow
50:54 Bow Saw
54:11 Arbalester
54:54 Elite Skirmisher
57:38 Hand Cart
57:27 Heavy Plow
61:27 Bracer
63:42 Two-Man Saw
62:34 Gold Mining
62:34 Stone Mining
65:17 Caravan
66:58 Squires
66:19 Halberdier
68:10 Ring Archer Armor
67:51 Forging
67:41 Scale Mail Armor
[LO] King Poshcock
9:43 Feudal Age
10:49 Double-Bit Axe
15:09 Loom
15:29 Fletching
16:09 Padded Archer Armor
22:49 Castle Age
23:31 Bodkin Arrow
23:39 Horse Collar
23:50 Gold Mining
24:15 Bow Saw
24:38 Crossbowman
26:46 Ballistics
29:05 Gold Mining
32:10 Leather Archer Armor
32:39 Wheelbarrow
39:02 Imperial Age
39:43 Bracer
40:44 Chemistry
39:11 Arbalester
41:31 Heavy Plow
42:31 Two-Man Saw
45:25 Conscription
48:18 Ring Archer Armor
58:16 Hand Cart
59:10 Two-Man Saw
58:01 Stone Mining
58:47 Gold Shaft Mining
61:04 Curare
LE FURET
7:15 Loom
10:05 Feudal Age
10:34 Double-Bit Axe
15:43 Gold Mining
19:19 Castle Age
17:16 Horse Collar
19:27 Scale Barding Armor
20:08 Forging
22:43 Chain Barding Armor
24:08 Wheelbarrow
25:08 Bow Saw
26:33 Bloodlines
29:04 Husbandry
30:03 Town Watch
32:02 Heavy Plow
33:37 Iron Casting
35:27 Hand Cart
40:49 Imperial Age
39:22 Light Cavalry
40:30 Cavalier
42:26 Gold Shaft Mining
43:42 Plate Barding Armor
44:49 Two-Man Saw
44:21 Crop Rotation
43:49 Savar
46:58 Blast Furnace
47:35 Stone Mining
50:37 Caravan
51:03 Hussar
52:03 Pikeman
52:44 Squires
52:47 Scale Mail Armor
52:51 Halberdier
53:50 Chain Mail Armor
55:42 Conscription
55:12 Gambesons
56:01 Plate Mail Armor
56:35 Stone Shaft Mining
55:30 Man-at-Arms
59:34 Fletching
63:06 Capped Ram
64:01 Siege Ram
BARAKA wins!
9:43 Feudal Age
11:01 Loom
13:53 Castle Age
12:01 Double-Bit Axe
13:04 Horse Collar
15:05 Bow Saw
19:05 Fletching
21:49 Scale Barding Armor
22:34 Bloodlines
24:06 Chain Barding Armor
25:49 Wheelbarrow
26:49 Gold Mining
28:15 Forging
28:59 Husbandry
31:49 Hand Cart
32:11 Heavy Plow
33:21 Bodkin Arrow
38:12 Imperial Age
35:46 Stone Mining
36:33 Gold Shaft Mining
37:44 Masonry
38:33 Heavy Camel Rider
40:09 Plate Barding Armor
40:10 Iron Casting
40:36 Bracer
41:41 Conscription
44:10 Chemistry
45:49 Blast Furnace
48:38 Light Cavalry
49:59 Hussar
51:51 Caravan
55:53 Two-Man Saw
56:44 Siege Engineers
65:29 Coinage
66:55 Banking
BenOFF
6:57 Loom
10:25 Feudal Age
11:08 Double-Bit Axe
12:44 Fletching
17:35 Horse Collar
21:40 Wheelbarrow
24:03 Castle Age
23:46 Padded Archer Armor
24:03 Gold Mining
24:23 Crossbowman
25:08 Thumb Ring
26:22 Bodkin Arrow
26:43 Leather Archer Armor
28:33 Ballistics
37:57 Imperial Age
41:42 Hand Cart
41:57 Arbalester
43:08 Conscription
47:19 Bracer
48:28 Elite Skirmisher
50:22 Chemistry
chiwire
6:02 Loom
9:02 Feudal Age
10:07 Double-Bit Axe
15:49 Fletching
18:26 Gold Mining
22:39 Castle Age
20:44 Horse Collar
22:53 Crossbowman
23:32 Bodkin Arrow
24:32 Thumb Ring
28:51 Ballistics
30:31 Gold Shaft Mining
37:50 Imperial Age
39:39 Chemistry
38:11 Arbalester
39:15 Bracer
42:58 Conscription
43:38 Bow Saw
47:03 Caravan
52:16 Scale Mail Armor
52:28 Forging
51:50 Pikeman
53:39 Wheelbarrow
52:50 Town Watch
52:45 Halberdier
53:44 Chain Mail Armor
54:31 Iron Casting
54:31 Elite War Wagon
57:53 Plate Mail Armor
59:16 Squires
59:01 Arson
el_Feist
8:51 Feudal Age
11:34 Scale Barding Armor
12:18 Bloodlines
14:19 Forging
14:17 Horse Collar
17:10 Loom
23:01 Castle Age
22:37 Double-Bit Axe
24:04 Chain Barding Armor
24:16 Husbandry
24:36 Bow Saw
32:35 Iron Casting
34:56 Wheelbarrow
38:13 Imperial Age
39:36 Plate Barding Armor
39:36 Heavy Plow
39:16 Vendel Legacy
40:17 Conscription
40:10 Cavalier
41:06 Hand Cart
42:37 Blast Furnace
44:28 Gold Mining
44:30 Stone Mining
44:38 Light Cavalry
46:48 Pikeman
47:28 Squires
48:13 Caravan
50:46 Town Watch
51:11 Halberdier
54:05 Two-Man Saw
54:15 Stone Shaft Mining
55:01 Coinage
54:25 Fletching
54:34 Capped Ram
54:34 Onager
55:37 Scale Mail Armor
56:54 Bodkin Arrow
57:21 Ballistics
57:08 Siege Engineers
58:55 Bracer
62:32 Chain Mail Armor
63:40 Elite Varangian Guard
65:42 Siege Ram
67:45 Plate Mail Armor
PSX | King
8:37 Loom
10:40 Feudal Age
14:28 Castle Age
12:52 Double-Bit Axe
24:57 Wheelbarrow
25:12 Bow Saw
24:43 Horse Collar
25:36 Gold Mining
26:43 Bloodlines
26:41 Scale Barding Armor
27:05 Husbandry
27:16 Forging
28:56 Fletching
30:00 Chain Barding Armor
30:17 Iron Casting
29:43 Heavy Plow
30:19 Gold Shaft Mining
31:05 Bodkin Arrow
34:42 Imperial Age
33:42 Hand Cart
33:12 Town Watch
33:51 Murder Holes
34:07 Masonry
36:00 Plate Barding Armor
36:26 Blast Furnace
36:32 Two-Man Saw
36:08 Conscription
35:47 Town Watch
36:07 Elite Mameluke
38:07 Chemistry
37:28 Ballistics
37:58 Counterweights
43:19 Stone Mining
43:39 Caravan
44:01 Bracer
48:42 Hoardings
50:37 Light Cavalry
51:51 Guard Tower
51:47 Arrowslits
51:33 Hussar
Connection lost

Rejoining the realm…

Still unreachable

The connection could not be restored.

Session expired

The server has moved on; the page needs a fresh start.